Map: 프리온 단구

Players

lllllllllIll - Winner!

  • Race: Terran Terran
  • League: Grandmaster

llllllllllll (Scarlett)

  • Race: Zerg Zerg
  • League: Grandmaster

VOD

Have the link to the VOD?

Description

Time

  • Played on: April 10, 2016, 9:24 a.m.
  • Length: 14:16
Show
View Real Time Build Order
Export as new Build Order

lllllllllIll Terran - Winner!

Build Orders: Command Center First (CC) 

Get SALT Encoding   

  12  0:01  SCV  
  13  0:13  SCV  
  14  0:17  Supply Depot  
  14  0:25  SCV  
  15  0:39  SCV  
  16  0:51  SCV  
  17  0:59  Command Center  
  17  1:03  SCV  
  18  1:07  Refinery  
  18  1:15  SCV  
  19  1:21  Barracks  
  19  1:27  SCV  
  20  1:39  SCV  
  21  1:51  SCV  
  21  1:53  Refinery  
  22  2:09  Orbital Command  
  22  2:10  Marine  
  22  2:11  Factory  
  22  2:12  Orbital Command  
  23  2:29  Barracks Reactor  
  23  2:33  Bunker  
  23  2:36  SCV  
  24  2:39  SCV  
  25  2:48  SCV  
  26  2:51  SCV  
  27  2:58  Starport  
  27  3:00  SCV  
  27  3:04  Factory Tech Lab, Supply Depot  
  28  3:06  Marine x2  
  28  3:08  SCV  
  28  3:12  SCV  
  32  3:20  SCV  
  32  3:22  Siege Tank  
  32  3:24  Marine x2  
  32  3:25  SCV  
  39  3:27  Supply Depot  
  38  3:36  Medivac  
  38  3:38  SCV x2  
  42  3:48  Command Center  
  42  3:50  Marine x2  
  42  3:53  SCV  
  42  3:54  Siege Tank  
  48  3:58  SCV  
  48  4:02  Supply Depot  
  44  4:06  SCV  
  37  4:13  Marine x2  
  38  4:29  Command Center  
  37  4:38  Supply Depot x2  
  37  4:40  Hellion  
  39  4:49  Armory  
  39  5:00  Hellion, SCV, Banshee  
  39  5:03  Hellion  
  47  5:12  SCV  
  48  5:22  Hellion  
  48  5:24  Hellion, SCV  
  53  5:42  Banshee  
  53  5:43  Hellion, SCV  
  53  5:46  Hellion  
  61  5:53  Barracks Reactor  
  61  5:55  SCV  
  62  6:07  Hellion x2, SCV  
  62  6:10  Orbital Command  
  65  6:25  Banshee  
  65  6:31  Hellion x2  
  65  6:32  SCV  
  57  6:37  Marine x2  
  56  6:44  SCV  
  56  6:52  Hellion  
  57  6:54  Command Center  
  57  6:55  Hellion  
  57  6:58  Marine x2  
  57  7:00  Engineering Bay  
  60  7:19  Liberator x2  
  61  7:28  SCV  
  55  7:31  SCV  
  55  7:36  Thor  
  63  7:37  Marine x2  
  63  7:40  SCV  
  63  7:43  SCV  
  62  7:51  Missile Turret x2  
  52  7:53  Terran Infantry Weapons Level 1  
  52  7:55  Missile Turret, Engineering Bay  
  52  7:57  Marine  
  55  7:58  Marine  
  55  8:01  Bunker  
  54  8:06  SCV x2, Orbital Command  
  54  8:08  Liberator x2  
  58  8:28  Barracks  
  58  8:30  Barracks  
  58  8:31  Refinery  
  58  8:32  Refinery  
  58  8:36  Marine, SCV x2  
  58  8:38  Stimpack  
  58  8:39  Factory Reactor  
  61  8:45  Orbital Command  
  59  8:48  SCV x2  
  59  8:50  Supply Depot  
  59  8:54  Marine, Terran Infantry Armor Level 1  
  62  9:00  Missile Turret, SCV x2  
  64  9:09  Barracks x2  
  64  9:12  Marine, SCV x2  
  64  9:13  SCV  
  68  9:18  Starport Reactor  
  68  9:21  Hellion x2  
  68  9:22  Refinery  
  68  9:23  Marine x2  
  74  9:24  SCV  
  74  9:25  SCV  
  74  9:27  Bunker  
  74  9:30  SCV  
  77  9:36  Marine, SCV  
  77  9:37  SCV  
  77  9:38  Marine x2  
  82  9:41  Marine x2  
  82  9:44  Hellion  
  88  9:45  Hellion  
  88  9:49  Supply Depot  
  88  9:53  Terran Infantry Weapons Level 2  
  88  9:54  Marine  
  88  9:55  Medivac  
  88  9:59  Medivac  
  93  10:00  Barracks Reactor x2  
  93  10:10  Marine x3  
  96  10:14  Terran Ship Weapons Level 1  
  96  10:15  Marine x2, Widow Mine  
  96  10:20  Supply Depot  
  100  10:21  Supply Depot  
  100  10:22  Supply Depot  
  100  10:24  Widow Mine  
  102  10:32  Marine x2  
  104  10:40  Marine x5  
  104  10:42  Marine x2, Combat Shields  
  111  10:45  Medivac x2  
  115  10:50  Marine  
  115  10:53  Marine, Hellion x2  
  114  10:58  Marine  
  114  11:00  Marauder  
  114  11:03  Marine x5  
  103  11:08  Marine  
  95  11:11  Marine  
  95  11:16  Marine  
  90  11:19  Widow Mine x2  
  90  11:21  Marine x6, Medivac x2  
  102  11:28  Starport  
  102  11:29  Marine  
  102  11:31  Barracks x2  
  103  11:39  Marauder  
  104  11:41  Marine x4  
  104  11:43  Liberator  
  104  11:46  Liberator  
  93  11:48  Marine x2  
  93  11:52  Hellion x2  
  93  11:54  Marine x2  
  92  11:59  Marine  
  101  12:09  Marine, Marauder  
  101  12:10  Marine  
  101  12:11  Marine  
  106  12:20  Marine x2, Concussive Shells  
  110  12:23  Hellion  
  110  12:24  Hellion  
  112  12:33  Marine x4  
  99  12:38  Marine x2  
  91  12:44  Barracks Tech Lab  
  91  12:47  Starport Reactor  
  91  12:49  Orbital Command  
  91  12:50  Barracks Reactor  
  89  12:53  Marine x2, Marauder  
  89  12:54  Marine x4  
  89  12:58  Medivac  
  90  13:09  Marine x2  
  90  13:11  Marine  
  84  13:20  Medivac, Marine x2  
  84  13:21  Marine x3, Marauder  
  84  13:23  Hellion  
  95  13:28  Hellion  
  95  13:32  Marine x2  
  95  13:33  Marauder  
  101  13:35  Marine x3  
  101  13:39  Marine  
  101  13:40  Marine  
  103  13:43  Marine  
  103  13:44  Marauder  
  103  13:48  Hellion  
  101  13:57  Marine  
  101  13:58  Marine x2  
Show
View Real Time Build Order
Export as new Build Order

llllllllllll Zerg 

Build Orders: Pool First, Muta Ling Bane, Zergling Baneling 

Get SALT Encoding   

  12  0:00  Drone  
  13  0:08  Drone  
  14  0:16  Overlord  
  14  0:23  Extractor, Drone  
  15  0:35  Drone  
  15  0:36  Drone  
  17  0:44  Spawning Pool  
  17  0:47  Drone  
  17  0:50  Extractor  
  17  0:55  Drone  
  17  1:05  Drone  
  18  1:17  Hatchery  
  17  1:21  Drone  
  18  1:30  Zergling x2  
  19  1:35  Queen  
  19  1:38  Drone  
  22  1:48  Overlord  
  22  1:51  Metabolic Boost  
  22  2:08  Zergling x2  
  22  2:10  Queen  
  25  2:30  Drone x2  
  25  2:32  Drone x2  
  28  2:48  Baneling Nest  
  28  2:49  Zergling x10  
  32  2:52  Overlord  
  32  3:02  Zergling x4  
  34  3:13  Zergling x4  
  34  3:15  Overlord  
  34  3:16  Zergling x2  
  34  3:17  Zergling x2  
  38  3:21  Zergling x4  
  38  3:22  Zergling x2  
  41  3:33  Zergling x4  
  41  3:35  Baneling x7  
  41  3:36  Baneling x2  
  41  3:37  Zergling x4  
  43  3:46  Zergling x2  
  43  3:47  Zergling x6  
  42  4:07  Drone  
  42  4:08  Drone x4  
  42  4:09  Drone  
  47  4:11  Queen  
  42  4:25  Drone x5  
  42  4:29  Lair  
  42  4:30  Drone  
  48  4:40  Drone x2  
  48  4:43  Extractor  
  48  4:44  Overlord  
  49  4:45  Extractor  
  49  4:47  Queen  
  47  5:02  Drone x4  
  51  5:11  Overlord  
  51  5:13  Zergling x6  
  51  5:14  Zergling x2  
  55  5:29  Zergling x2  
  55  5:30  Zergling x8  
  55  5:33  Queen x2  
  55  5:34  Spire  
  60  5:37  Zergling x6  
  63  5:48  Drone x4  
  67  5:50  Extractor  
  67  5:51  Overseer  
  67  5:57  Centrifical Hooks  
  66  6:02  Hatchery, Baneling  
  66  6:03  Baneling x6  
  65  6:13  Drone x3  
  64  6:19  Overseer, Overlord x2  
  54  6:35  Zergling x10  
  53  6:45  Zergling x2  
  53  6:46  Zergling x10  
  59  6:48  Mutalisk  
  59  6:52  Mutalisk  
  56  6:56  Queen x2  
  59  7:02  Mutalisk  
  59  7:03  Mutalisk  
  59  7:08  Mutalisk  
  56  7:12  Overseer  
  56  7:13  Mutalisk  
  46  7:27  Queen  
  46  7:28  Drone x2  
  46  7:31  Queen  
  48  7:43  Drone x5  
  53  7:50  Drone  
  52  7:58  Drone x2  
  52  8:02  Drone x2  
  52  8:05  Zerg Flyer Weapons Level 1  
  55  8:07  Queen  
  55  8:12  Mutalisk x2  
  59  8:19  Drone x3  
  64  8:23  Drone x3  
  65  8:31  Drone x3  
  68  8:35  Evolution Chamber  
  68  8:36  Evolution Chamber  
  66  8:43  Pneumatized Carapace  
  66  8:53  Overlord  
  66  8:55  Drone x3  
  68  8:57  Hatchery, Zergling x6  
  68  8:58  Zergling x2  
  68  9:02  Zerg Ground Armor Level 1, Zerg Melee Weapons Level 1  
  72  9:06  Drone x2  
  74  9:11  Drone  
  74  9:12  Drone x3  
  78  9:29  Drone x3  
  78  9:30  Drone  
  82  9:32  Overlord x3, Extractor  
  82  9:33  Drone  
  82  9:34  Overlord x2, Extractor, Drone  
  82  9:54  Drone x9  
  91  10:05  Mutalisk x4  
  91  10:06  Extractor  
  98  10:08  Baneling x4  
  98  10:09  Zergling x2, Baneling x2  
  98  10:11  Extractor  
  98  10:12  Zergling x2  
  98  10:13  Zergling x4  
  99  10:15  Zergling x2  
  99  10:18  Zergling x6  
  103  10:23  Hatchery  
  102  10:32  Mutalisk x6  
  104  10:39  Mutalisk  
  106  10:42  Baneling  
  106  10:43  Baneling x4  
  106  10:44  Zergling x8  
  106  10:45  Zergling x4  
  94  11:05  Zergling x4  
  91  11:13  Overlord x4  
  91  11:15  Overseer  
  90  11:25  Baneling x6  
  88  11:26  Zergling x14  
  88  11:29  Zerg Melee Weapons Level 2  
  88  11:30  Zerg Ground Armor Level 2  
  88  11:31  Overlord  
  95  11:33  Zergling x6  
  85  11:49  Zergling x2  
  85  11:50  Zergling x16  
  86  11:56  Baneling x2  
  86  11:59  Mutalisk x6  
  95  12:04  Zergling x8  
  95  12:08  Baneling x5  
  98  12:11  Zergling x2  
  98  12:12  Zergling x4  
  100  12:16  Overlord  
  100  12:18  Drone  
  100  12:21  Overseer  
  84  12:38  Zergling x12  
  84  12:39  Zergling x8  
  84  12:48  Zergling x14  
  87  12:53  Mutalisk  
  87  12:57  Zergling x8  
  89  13:03  Zergling x2  
  89  13:04  Zergling x4  
  85  13:10  Zergling x6  
  79  13:14  Corruptor  
  79  13:17  Corruptor  
  81  13:22  Baneling  
  81  13:23  Baneling x3  
  81  13:28  Zergling x4  
  82  13:38  Corruptor  
  82  13:46  Zergling x6  
  79  13:57  Zergling x2  
  79  13:58  Zergling x4  
Tags
 
Add a new tag
Caveats
  • Supply blocks, unpowered buildings, or Contaminate may cause inaccurate times.
  • Supply counts are checked every 10 seconds.